 Dungeon Crawl Stone Soup version 0.30-a0-341-g682706514a (webtiles) character file.

Game seed: 6399525822181695093

1227 Decritt the Trooper (level 8, -6/62 HPs)
             Began as a Djinni Air Elementalist on Nov 4, 2022.
             Mangled by Maggie
             ... wielding a +1 long sword of flaming
              (10 damage)
             ... on level 6 of the Dungeon.
             The game lasted 00:17:17 (5597 turns).

Decritt the Trooper (Djinni Air Elementalist)       Turns: 5597, Time: 00:17:17

Health: -6/62      AC:  5    Str: 17    XL:     8   Next: 76%
Gold:   257        EV: 12    Int: 26    God:
                   SH:  5    Dex: 13

rFire   + + .      SeeInvis .    s - +7 hand axe "Wiuq" {vorpal, rElec rN+}
rCold   . . .      Faith    .    (no shield)
rNeg    + . .      Spirit   .    j - +1 robe {rC+}
rPois   ∞          Reflect  +    p - +0 helmet
rElec   +          Harm     .    (no cloak)
rCorr   .          Rampage  .    b - +0 pair of gloves
Will    .....                    (boots unavailable)
Stlth   ++........               l - amulet "Ohuow" {Reflect rElec MP-9 Str+10 SH+5}
HPRegen 0.30/turn                h - +6 ring of intelligence
MPRegen 0.00/turn                q - ring of wizardry

@: flying, mesmerised
A: sickness immunity, fire resistance 2, cold vulnerability 1, float, innate
caster, HP casting, extra vitality 1
a: no special abilities


You were on level 6 of the Dungeon.
You visited 1 branch of the dungeon, and saw 6 of its levels.

You collected 257 gold pieces.

Inventory:

Hand Weapons
 s - the +7 hand axe "Wiuq" (weapon) {vorpal, rElec rN+}
   (You took it off an orc on level 5 of the Dungeon)

   It inflicts extra damage upon your enemies.
   rElec:     It insulates you from electricity.
   rN:        It protects you from negative energy.
Armour
 a - a +0 robe
 b - a +0 pair of gloves (worn)
 j - a +1 robe of cold resistance (worn)
 p - a +0 helmet (worn)
Magical Staves
 c - a staff of death
Jewellery
 h - a +6 ring of intelligence (left hand)
 l - the amulet "Ohuow" (around neck) {Reflect rElec MP-9 Str+10 SH+5}
   (You acquired it on level 4 of the Dungeon)

   [amulet of reflection]

   It reflects blocked missile attacks.
   Str:       It affects your strength (+10).
   rElec:     It insulates you from electricity.
   MP:        It affects your magic capacity (-9).
   SH:        It affects your SH (+5).
 q - a ring of wizardry (right hand)
 r - a +4 ring of slaying
Wands
 o - a wand of polymorph (14)
 v - a wand of charming (6)
Scrolls
 f - 4 scrolls of teleportation
 k - 2 scrolls of blinking
 t - 5 scrolls of identify {unknown}
 u - a scroll of enchant armour {unknown}
 x - a scroll of fear
Potions
 d - a potion of might {unknown}
 e - 5 potions of curing {unknown}
 g - 2 potions of haste {unknown}
 i - a potion of brilliance {unknown}
 m - a potion of cancellation {unknown}
 n - a potion of magic {unknown}
 w - a potion of degeneration {unknown}


   Skills:
 * Level 6.9 Fighting
 - Level 2.1 Dodging
 - Level 1.5 Stealth
 * Level 5.9 Spellcasting


You had 2 spell levels left.
You knew the following spells:

 Your Spells              Type           Power      Damage    Failure   Level
a - Shock                 Conj/Air       100%       1d9       1%          1
b - Airstrike             Air            19%        2d(3-19)  2%          4
c - Mephitic Cloud        Conj/Pois/Air  38%        N/A       1%          3
d - Necrotise             Necr           100%       1d9       1%          1
e - Blink                 Tloc           76%        N/A       1%          2
f - Static Discharge      Conj/Air       76%        2-6/arc   1%          2
s - Swiftness             Air            38%        N/A       1%          3
Your spell library was empty.

Dungeon Overview and Level Annotations

Branches:
Dungeon (6/15)
 Temple: D:4-7

Altars:
Dithmenos
Fedhas
Ru
Yredelemnul

Shops:
D:2 (

Annotations:
D:6 Maggie


Innate Abilities, Weirdness & Mutations

You are immune to sickness and miasma.
You are immune to poison.
Your flesh is very heat resistant. (rF++)
You are vulnerable to cold. (rC-)
You float through the air rather than walking.
You learn spells naturally, not from books.
Your magical power is your life essence.
You have superior vitality. (+4 MHP)


Message History

You hit Maggie.
Maggie is lightly wounded.
Maggie mutters to herself, "Master Lance won't take me back.
This is the way forward."
Maggie misses you.
Maggie hits you with a +1 long sword of flaming!
You hit Maggie.
Maggie is lightly wounded.
Maggie says, "How do the people who live here stand the isolation?"
Maggie casts a spell at you. The bolt of fire hits you! You resist.
You closely miss Maggie.
Maggie is lightly wounded.
Maggie hits you with a +1 long sword of flaming!
* * * LOW HITPOINT WARNING * * *
Maggie burns you.
* * * LOW HITPOINT WARNING * * *
You hit Maggie.
Maggie is moderately wounded.
Maggie barely misses you.
You slash Maggie!
Maggie is heavily wounded.
Maggie gestures at you while chanting. The bolt of fire hits you. You resist.
* * * LOW HITPOINT WARNING * * *
Maggie misses you.
You slash Maggie!
Maggie is heavily wounded.
You block Maggie's attack.
You completely miss Maggie.
Maggie is heavily wounded.
Maggie hits you with a +1 long sword of flaming!
* * * LOW HITPOINT WARNING * * *
You hit Maggie.
Maggie is severely wounded.
Maggie hits you with a +1 long sword of flaming!
* * * LOW HITPOINT WARNING * * *
Maggie burns you.
* * * LOW HITPOINT WARNING * * *
Maggie hits you with a +1 long sword of flaming!
You die...

#....## ####..... .
.......# .. ..
......# ... ..#
#.....#.... ....
#..........
....##.#.@.....#
#...#.#@.....##
##.....##.....#.
##......##.......
#................
...#.............
..###..............
#......##..........
#......#..#####.....
...........##.#......


You could see Maggie (mesmerising).

Vanquished Creatures
  2 water moccasins (D:6)
  An orc warrior (D:5)
  2 phantoms
  2 scorpions
  A howler monkey (D:4)
  A gnoll bouda (D:4)
  2 hounds
  4 orc priests
  Jessica (D:2)
  2 iguanas
  An orc wizard (D:5)
  13 gnolls
  6 adders
  A worm (D:5)
  A dart slug (D:1)
  17 orcs
  5 endoplasms
  4 giant cockroaches
  3 goblins
  8 hobgoblins
  18 jackals
  5 kobolds
  3 quokkas
  6 ball pythons
  7 bats
  3 frilled lizards
  4 rats
  A spectral orc (D:5)
124 creatures vanquished.

Notes
Turn   | Place    | Note
-------+----------+-------------------------------------------
     0 | D:1      | Decritt the Djinni Air Elementalist began the quest for the
                  | Orb.
     0 | D:1      | Decritt set off with the following spells memorised: Shock,
                  | Static Discharge, Swiftness, Airstrike.
     0 | D:1      | Reached XP level 1. HP: 15/15 MP: 0/0
   105 | D:1      | Reached skill level 1 in Fighting
   105 | D:1      | Reached XP level 2. HP: 19/22 MP: 0/0
   363 | D:1      | Found a faded altar of an unknown god.
   453 | D:1      | Reached XP level 3. HP: 22/27 MP: 0/0
   453 | D:1      | Learned a level 1 spell: Necrotise
   939 | D:1      | Reached skill level 2 in Fighting
  1518 | D:2      | Noticed Jessica
  1522 | D:2      | Killed Jessica
  1523 | D:2      | Reached XP level 4. HP: 30/34 MP: 0/0
  1610 | D:2      | Reached XP level 5. HP: 36/40 MP: 0/0
  1610 | D:2      | Learned a level 2 spell: Blink
  1803 | D:2      | Found Ruah's Antique Weapon Boutique.
  1849 | D:2      | Reached skill level 3 in Fighting
  2146 | D:3      | Found a shadowy altar of Dithmenos.
  2626 | D:4      | Reached XP level 6. HP: 34/47 MP: 0/0
  2794 | D:4      | Identified a scroll of acquirement
  2794 | D:4      | Acquired the amulet "Ohuow" {Reflect rElec MP-9 Str+10
                  | SH+5}
  2868 | D:4      | Reached skill level 4 in Fighting
  3762 | D:4      | Reached XP level 7. HP: 22/53 MP: 0/0
  3762 | D:4      | Learned a level 3 spell: Mephitic Cloud
  4263 | D:5      | Entered Level 5 of the Dungeon
  4447 | D:5      | Identified the +7 hand axe "Wiuq" {vorpal, rElec rN+}
  4579 | D:5      | Found a blossoming altar of Fedhas.
  4655 | D:5      | Reached skill level 5 in Fighting
  4724 | D:5      | Found a sacrificial altar of Ru.
  4750 | D:5      | Reached skill level 5 in Spellcasting
  4884 | D:5      | Reached XP level 8. HP: 55/60 MP: 0/0
  5165 | D:5      | Found a basalt altar of Yredelemnul.
  5323 | D:6      | Reached skill level 6 in Fighting
  5587 | D:6      | Noticed Maggie
  5597 | D:6      | Mangled by Maggie

Illustrated notes

Levels and vault maps discovered:
D:1:      erik_arrival_orb_chamber, layout_basic,
          shapermc_ecumenical_altar_pompeii
D:2:      layout_basic, serial_shops, nicolae_diamond_shop, uniq_jessica
D:3:      layout_rooms, mainiacjoe_overflow_concentric_impassable
D:4:      layout_basic
D:5:      layout_basic, nicolae_ru_great_annihilating_truth, old_standard_altar,
          fedhas_altar_4, yredelemnul_forgotten_temple_becter
D:6:      layout_cave_pools, kennysheep_mini, minmay_temple_entry_ruins,
          uniq_maggie

Skill      XL: |  1  2  3  4  5  6  7  8 |
---------------+-------------------------+-----
Fighting       | 1 2 3 4 5 6 |  6.9
Spellcasting   | 3 4 5 |  5.9
Dodging        | |  2.1
Stealth        | |  1.5

Action                   |  1- 3 |  4- 6 |  7- 9 || total
-------------------------+-------+-------+-------++-------
Melee: Hand axe          |       |       |    66 ||    66
 Cast: Shock             |    82 |   113 |    77 ||   272
       Airstrike         |       |     4 |       ||     4
  Use: Scroll            |       |     6 |     2 ||     8
Armor: Robe              |     4 |     5 |    12 ||    21
Dodge: Dodged            |    18 |    11 |    38 ||    67
Block: Other             |       |     4 |    27 ||    31

Table legend: (Time is in decaauts)
 A = Elapsed time spent in this place.
 B = Non-inter-level travel time spent in this place.
 C = Inter-level travel time spent in this place.
 D = Time resting spent in this place.
 E = Time spent auto-exploring this place.
 F = Levels seen in this place.
 G = Mean time per level.
                   A        B        C        D        E       F      G
               +--------+--------+--------+--------+--------+-----+--------+
         Total |   5613 |   5455 |    158 |   1189 |   3552 |   6 |  935.5 |
       Dungeon |   5613 |   5455 |    158 |   1189 |   3552 |   6 |  935.5 |
               +--------+--------+--------+--------+--------+-----+--------+

Top non-repeatable levels by time:
     D:4: 1716 daAuts
     D:1: 1124 daAuts
     D:5: 1046 daAuts
     D:2: 926 daAuts
     D:3: 493 daAuts
     D:6: 306 daAuts
